 Dungeon Crawl Stone Soup version 0.30.1-4-g462c640d31 (webtiles) character file.

Game seed: 1438627316349712869

328431 anacleto the Wrestler (level 20, -15/283 HPs)
             Began as a Troll Gladiator on Aug 12, 2023.
             Was the Champion of Qazlal.
             Demolished by a large slime creature (25 damage)
             ... on level 4 of the Pits of Slime on Aug 14, 2023.
             The game lasted 03:12:35 (52981 turns).

anacleto the Wrestler (Troll Gladiator)            Turns: 52981, Time: 03:12:36

Health: -15/283    AC: 21    Str: 31      XL:     20   Next: 80%
Magic:  32/32      EV:  1    Int:  7 (9)  God:    Qazlal [******]
Gold:   1065       SH: 13    Dex: 11      Spells: 19/19 levels left

rFire   + .          .
                       - Unarmed
rCold   x x .        (no shield)
rNeg    . . .        (body armour currently unavailable)
rPois   +            a - melded +1 hat
rElec   +            W - melded +1 cloak {Will+}
rCorr   .            (gloves unavailable)
SInv    .            (boots unavailable)
Will    +....        k - amulet of reflection
Stlth   +            v - ring "Veoluo" {rC- MP+9 AC+4 Str+2 Int+5}
HPRegen 1.47/turn    Y - ring "Pukubihu" {Fire rElec Slay+3}
MPRegen 0.23/turn

%: random rage (3%), repel missiles, reflection
@: tree-form, protected from physical damage, corroded
A: stationary, stasis, torment immunity, boosted hp, large, unfitting armour,
(claws 3), regeneration 1, (shaggy fur 1), (tough skin 1), berserk 1, frail 1,
(teleportitis 1), weak 2, (cold vulnerability 1), devolution 2
}: 2/15 runes: decaying, gossamer
a: Renounce Religion, Upheaval, Elemental Force, Disaster Area


You were on level 4 of the Pits of Slime.
You worshipped Qazlal.
Qazlal was exalted by your worship.
You were a tree.
You visited 8 branches of the dungeon, and saw 40 of its levels.
You visited 1 bazaar.
You also visited: Sewer and Gauntlet.

You collected 4860 gold pieces.
You spent 3795 gold pieces at shops.

Inventory:

Hand Weapons
 b - the +8 storm bow {elec, penet}
   (You took it off a minotaur in a Gauntlet)
Missiles
 d - 10 large rocks
 n - 7 datura-tipped darts
 u - 8 silver boomerangs
 K - a boomerang
 L - 4 curare-tipped darts
 S - 18 javelins (quivered)
Armour
 a - a +1 hat (melded)
 H - +0 acid dragon scales
 W - a +1 cloak of willpower (melded)
Jewellery
 k - an amulet of reflection (around neck)
 m - the ring of Lies {rPois rF++}
   (You bought it in a shop on level 1 of the Vaults)

   [ring of poison resistance]

   rF:        It greatly protects you from fire.
   rPois:     It protects you from poison.
 v - the ring "Veoluo" (left branch) {rC- MP+9 AC+4 Str+2 Int+5}
   (You found it in a Gauntlet)

   [ring of protection]

   AC:        It affects your AC (+4).
   Str:       It affects your strength (+2).
   Int:       It affects your intelligence (+5).
   rC:        It makes you vulnerable to cold.
   MP:        It affects your magic capacity (+9).
 Q - a ring of see invisible
 X - a ring of protection from cold
 Y - the ring "Pukubihu" (right branch) {Fire rElec Slay+3}
   (You bought it in a shop in a bazaar)

   [ring of fire]

   It enhances your fire magic.
   Slay:      It affects your accuracy & damage with ranged weapons and melee
   (+3).
   rF:        It protects you from fire.
   rC:        It makes you vulnerable to cold.
   rElec:     It insulates you from electricity.
Wands
 f - a wand of quicksilver (13)
 l - a wand of flame (6)
 C - a wand of roots (30)
 E - a wand of paralysis (10)
 J - a wand of mindburst (10)
 N - a wand of polymorph (15)
 P - a wand of digging (5)
Scrolls
 i - 6 scrolls of teleportation
 o - 11 scrolls of identify
 y - 5 scrolls of silence
 z - 6 scrolls of poison
 A - 3 scrolls of vulnerability
 B - 3 scrolls of butterflies
 D - 2 scrolls of brand weapon
 F - 5 scrolls of enchant weapon
 I - 4 scrolls of fear
 O - 2 scrolls of fog
 T - 2 scrolls of enchant armour
 U - 3 scrolls of torment
 Z - 2 scrolls of magic mapping
Potions
 c - a potion of heal wounds
 g - 9 potions of resistance
 h - 4 potions of flight
 j - 6 potions of ambrosia
 p - 7 potions of attraction
 q - 6 potions of might
 r - 6 potions of curing
 s - 5 potions of brilliance
 w - a potion of haste
 x - 6 potions of lignification
 G - 5 potions of cancellation
 R - 9 potions of mutation
Miscellaneous
 e - a box of beasts
 t - a phantom mirror
 M - a tin of tremorstones (2/2)
 V - a piece from Xom's chessboard (15/15)


   Skills:
 + Level 15.5 Fighting
 + Level 14.7 Throwing
 - Level 17.1 Dodging
 * Level 23.5 Unarmed Combat
 - Level 6.3 Invocations
 - Level 7.2 Evocations


You had 19 spell levels left.
You didn't know any spells.
Your spell library contained the following spells:

 Spells                   Type           Power      Damage    Failure   Level
 Apportation              Tloc           0%         N/A       43%         1
 Necrotise                Necr           0%         1d4       43%         1
 Summon Small Mammal      Summ           0%         N/A       43%         1
 Cigotuvi's Dreadful Rot  Necr/Pois/Air  0%         N/A       56%         2
 Ensorcelled Hibernation  Hex/Ice        0%         N/A       56%         2
 Lesser Beckoning         Tloc           0%         N/A       56%         2
 Sublimation of Blood     Necr           0%         N/A       56%         2
 Dazzling Flash           Conj/Hex       0%         N/A       80%         3
 Frozen Ramparts          Ice            0%         1d1       80%         3
 Gell's Gravitas          Tloc           0%         N/A       80%         3
 Hailstorm                Conj/Ice       0%         3d3       80%         3
 Ignite Poison            Fire/Tmut/Pois 0%         N/A       80%         3
 Ozocubu's Armour         Ice            0%         N/A       80%         3
 Spider Form              Tmut/Pois      0%         N/A       80%         3
 Teleport Other           Tloc           0%         N/A       80%         3
 Vampiric Draining        Necr           0%         2d6       80%         3
 Vhi's Electric Charge    Tloc/Air       0%         N/A       80%         3
 Anguish                  Hex/Necr       0%         N/A       99%         4
 Ice Form                 Ice/Tmut       0%         N/A       99%         4
 Leda's Liquefaction      Hex/Erth       0%         N/A       99%         4
 Petrify                  Tmut/Erth      0%         N/A       99%         4
 Summon Ice Beast         Ice/Summ       0%         N/A       99%         4
 Agony                    Necr           0%         N/A       100%        5
 Arcjolt                  Conj/Air       0%         1d10      100%        5
 Fireball                 Conj/Fire      0%         3d3       100%        5
 Freezing Cloud           Conj/Ice/Air   0%         6-21      100%        5
 Irradiate                Conj/Tmut      0%         3d11      100%        5
 Iskenderun's Battlesphe  Conj           0%         2d6       100%        5
 Lee's Rapid Deconstruct  Erth           0%         3d4*      100%        5
 Metabolic Englaciation   Hex/Ice        0%         N/A       100%        5
 Silence                  Hex/Air        0%         N/A       100%        5
 Conjure Ball Lightning   Conj/Air       0%         3x3d6     100%        6
 Simulacrum               Ice/Necr       0%         N/A       100%        6
 Statue Form              Tmut/Erth      0%         N/A       100%        6
 Orb of Destruction       Conj           0%         9d5       100%        7
 Maxwell's Capacitive Co  Air            0%         ∞         100%        8


Dungeon Overview and Level Annotations

Branches:
Dungeon (15/15)            Temple (1/1) D:4            Lair (5/5) D:11
  Swamp (4/4) Lair:2       Spider (4/4) Lair:2        Slime (5/5) Lair:4
    Orc (2/2) D:12            Elf (0/3) Orc:2        Vaults (4/5) D:14
  Crypt (0/3) Vaults:3     Depths (0/4) D:15          Sewer (visited)
Gauntlet (visited)

Altars:
Ashenzari
Cheibriados
Dithmenos
Fedhas
Gozag
Kikubaaqudgha
Nemelex Xobeh
Okawaru
Qazlal
Sif Muna
Uskayaw
Vehumet
Wu Jian
Xom
Zin
Jiyva

Shops:
D:6 !   Orc:2 ([*=   Vaults:1 [([*   Vaults:3 [

Annotations:
Slime:5 Royal Jelly


Innate Abilities, Weirdness & Mutations

You are a tree.
Your roots penetrate the ground, keeping you stationary.
You cannot be teleported.
You are immune to unholy pain and torment.
Your maximum health is greatly increased.
Your equipment is partially melded.
You are too large for most types of armour.
((You have claws for hands.))
Your natural rate of healing is unusually fast.
((You are covered in fur. (AC +1)))
((You have tough skin. (AC +1)))
You sometimes lose your temper in combat.
You are frail. (-10% HP)
((You are occasionally teleported next to monsters.))
You are very weak. (Str -4)
((You are vulnerable to cold. (rC-)))
You have terrible hidden genetic defects.


Message History

You are splashed with acid!
The acid blob spits acid at you.
You block splash of acid... and reflect it back!
The splash of acid hits the acid blob.
The acid blob completely resists.
You climb upwards.
There is a stone staircase leading down here.
Unknown command.
The very large slime creature attacks as you move away!
The very large slime creature closely misses you.
The very large slime creature is engulfed in blazing flames.
The slime creature is engulfed in a thunderstorm.
The slime creature closely misses you. The acid blob spits acid at you.
The splash of acid hits you!!
* * * LOW HITPOINT WARNING * * *
The acid blob hits you!!
* * * LOW HITPOINT WARNING * * *
You are splashed with acid!
* * * LOW HITPOINT WARNING * * *
You feel much better.
A very large slime creature splits.
The acid blob spits acid at you.
The splash of acid is repelled.
The splash of acid hits the slime creature!!
The acid corrodes the slime creature!
You block the slime creature's attack. The acid blob hits you!!
* * * LOW HITPOINT WARNING * * *
The acid corrodes you!
You are splashed with acid!
* * * LOW HITPOINT WARNING * * *
Really quaff the potion of lignification?
You turn into a tree.
Your +1 cloak of willpower melds into your body.
Your +1 hat melds into your body.
You feel less strong-willed.
Your roots penetrate the ground.
The acid blob jiggles.
The acid blob hits you but does no damage.
The acid blob spits acid at you. The splash of acid hits you!!
* * * LOW HITPOINT WARNING * * *
The acid corrodes you! The large slime creature hits you!!
You die...

#...##.###....##...#
##.##...#......#..##
#...#..##..........#
#...........#..#....# ##
#.............###.##
##.###.#..........#####
#...##...§......<..#..###
#........JJ°...........##
##......○§♣J.............#
#.........JJ○........##.##
##.......☼§..°........###
##...##.......##.......###
#...####.#...####......##
#....######...# ##.......
#.....# ##.## ###....#
##...## ### ##....# #####
### #......


You could see 2 acid blobs, a large slime creature and 2 slime creatures.

Vanquished Creatures
  Bai Suzhen (Spider:3)
  6 acid blobs
  A quicksilver dragon (Vaults:2)
  3 sphinxes
  Agnes (Spider:3)
  3 thorn hunters
  Donald (Spider:3)
  5 rockslimes
  A frost giant (Vaults:2)
  8 emperor scorpions
  15 vault wardens
  5 ghost moths
  3 orc warlords
  2 broodmothers
  5 ghouls
  6 very ugly things
  5 quicksilver oozes
  18 ironbound preservers
  A war gargoyle (Vaults:2)
  8 ironbound thunderhulks
  A minotaur (Gauntlet)
  Nessos (Lair:3)
  8 bunyips
  12 dire elephants
  3 eleionomae (Swamp:3)
  4 spark wasps
  2 ettins
  4 entropy weavers
  A shambling mangrove (Swamp:4)
  13 hydras
  10 yaktaur captains
  12 great orbs of eyes
  Harold (D:9)
  3 peacekeepers
  11 vault guards
  5 boulder beetles
  The ghost of justen the Grappler, a novice TrBe of Trog (D:8)
  A radroach (Spider:3)
  15 ironbound frosthearts
  A ghost crab (Swamp:3)
  9 two-headed ogres
  14 centaur warriors
  2 death knights
  A vampire mage (D:15)
  8 alligators
  3 tengu warriors
  3 orc high priests (Orc:2)
  3 skeletal warriors (D:14)
  A sixfirhy (Gauntlet)
  Amaemon (Lair:2)
  5 spriggan druids
  A skyshark (Lair:4)
  The ghost of BaconRulez the Cleaver, a novice DsFi (D:7)
  2 sun moths (Spider:2)
  31 deep trolls
  6 goliath frogs
  2 pharaoh ants
  An orb spider (Spider:4)
  A death drake (Swamp:4)
  9 swamp dragons
  3 steelbarb worms
  2 glowing orange brains
  18 ironbound convokers
  9 lindwurms
  6 wizards
  A necromancer (D:15)
  2 phantasmal warriors
  7 bog bodies
  4 harpies (Vaults:2)
  10 orc knights
  8 orc sorcerers
  3 deep elf pyromancers
  7 shining eyes
  13 wolf spiders
  26 ugly things
  2 cyclopes
  8 will-o-the-wisps
  23 elephants
  6 manticores
  A stone giant skeleton (D:15)
  2 moths of wrath
  A fire giant skeleton (D:15)
  11 vault sentinels
  2 black mambas
  6 torpor snails
  An apocalypse crab (Gauntlet)
  4 demonic crawlers
  Maurice (D:8)
  3 eyes of devastation
  A cane toad (shapeshifter) (D:14)
  2 gargoyles
  An orange demon (Lair:2)
  19 cane toads
  2 kobold demonologists
  7 unseen horrors
  3 rime drakes
  An unseen horror (shapeshifter) (D:14)
  21 yaktaurs
  A rime drake (shapeshifter) (D:11)
  2 tengu conjurers
  12 komodo dragons
  5 freezing wraiths
  An unseen horror zombie (D:8)
  6 polar bears
  15 trolls
  2 guardian mummies (D:15)
  16 hornets
  A bloated husk (Swamp:3)
  A tarantella (shapeshifter) (D:15)
  4 meliai
  5 tyrant leeches
  25 tarantellas
  10 blink frogs
  30 jumping spiders
  A spriggan zombie (D:15)
  9 dream sheep
  A spriggan skeleton (D:15)
  94 slime creatures
  25 spriggans
  21 culicivoras
  A centaur simulacrum (D:11)
  3 shadows
  A vampire (D:14)
  5 wraiths
  A ynoxinul (Gauntlet)
  58 yaks
  5 wyverns
  An unseen horror simulacrum (D:8)
  A basilisk (shapeshifter) (D:15)
  6 golden eyes
  60 redbacks
  10 basilisks
  A steam dragon (D:8)
  3 vampire mosquitoes
  2 wargs (Orc:1)
  12 swamp worms
  7 acid dragons
  11 water moccasins
  2 floating eyes (Slime:4)
  9 swamp drakes
  6 black bears
  29 orc warriors
  3 ice beasts
  A sky beast (D:5)
  9 boggarts
  23 wolves
  5 ogres
  13 centaurs
  4 kobold brigands
  3 phantoms
  9 bullfrogs
  A necrophage (Swamp:3)
  3 gnoll sergeants
  2 scorpions
  4 wights (D:7)
  7 killer bees
  5 howler monkeys
  5 electric eels
  4 hounds
  A jelly (D:6)
  23 orc priests
  2 sleepcaps
  3 iron imps (Gauntlet)
  A gnoll bouda (D:8)
  11 iguanas
  A hell rat (Sewer)
  24 orc wizards
  16 gnolls
  6 adders
  A howler monkey skeleton (D:8)
  3 river rats (Sewer)
  3 shadow imps
  14 white imps
  3 ufetubi
  4 worms
  3 dart slugs
  74 orcs
  7 ball pythons
  11 bats
  8 endoplasms
  3 giant cockroaches
  9 goblins
  10 hobgoblins
  8 jackals
  4 quokkas
  20 frilled lizards
  24 kobolds
  8 rats
  5 butterflies
1490 creatures vanquished.

Vanquished Creatures (collateral kills)
  Arachne (Spider:3)
  A hydra (Swamp:4)
  A centaur warrior (Vaults:2)
  A wizard (Vaults:2)
  2 ugly things (Vaults:2)
  A vault sentinel (Vaults:2)
7 creatures vanquished.

Vanquished Creatures (others)
  A great orb of eyes (Vaults:2)
  A lindwurm (Vaults:1)
  A bloated husk (Swamp:2)
  2 boggarts (D:14)
  14 foxfires
19 creatures vanquished.

Grand Total: 1516 creatures vanquished

Notes
Turn   | Place    | Note
-------+----------+-------------------------------------------
     0 | D:1      | anacleto the Troll Gladiator began the quest for the Orb.
     0 | D:1      | Reached XP level 1. HP: 19/19 MP: 0/0
   105 | D:1      | Reached XP level 2. HP: 28/28 MP: 1/1
   269 | D:1      | Reached XP level 3. HP: 35/35 MP: 2/2
   914 | D:2      | Reached skill level 4 in Unarmed Combat
  1084 | D:2      | Reached XP level 4. HP: 41/42 MP: 3/3
  1502 | D:3      | Noticed a +0 dagger
  1503 | D:3      | Noticed a +0 short sword
  1510 | D:3      | Found a hide-covered altar of Uskayaw.
  1510 | D:3      | Noticed a +0 spear
  1510 | D:3      | Noticed a +0 spear
  1510 | D:3      | Noticed a +0 dagger
  1511 | D:3      | Noticed a +0 falchion
  1512 | D:3      | Noticed a +0 short sword
  1513 | D:3      | Noticed a +0 falchion
  1837 | D:3      | Found an ornate altar of the Wu Jian Council.
  2159 | D:4      | Noticed an ogre
  2164 | D:4      | Killed an ogre
  2165 | D:4      | Reached XP level 5. HP: 34/50 MP: 4/4
  2178 | D:4      | Reached skill level 5 in Unarmed Combat
  2321 | D:4      | You fall into a shaft and drop 2 floors!
  2336 | D:6      | Reached XP level 6. HP: 57/61 MP: 5/5
  2342 | D:5      | Entered Level 5 of the Dungeon
  2384 | D:5      | Found a glowing silver altar of Zin.
  2388 | D:5      | Noticed an ice beast
  2437 | D:4      | Found a glowing drain.
  2442 | Sewer    | Entered a sewer
  2583 | D:4      | Reached skill level 6 in Unarmed Combat
  2765 | D:4      | Found a staircase to the Ecumenical Temple.
  2811 | Temple   | Entered the Ecumenical Temple
  2818 | Temple   | Became a worshipper of Qazlal Stormbringer
  2855 | D:4      | Reached XP level 7. HP: 67/67 MP: 6/6
  3344 | D:5      | Found a shimmering blue altar of Sif Muna.
  3448 | D:5      | Reached skill level 7 in Unarmed Combat
  3594 | D:5      | Reached XP level 8. HP: 71/73 MP: 7/7
  3979 | D:6      | Found a shimmering altar of Xom.
  3979 | D:6      | Found an iron altar of Okawaru.
  3979 | D:6      | Found a broken altar of Ashenzari.
  4219 | D:5      | Reached * piety under Qazlal
  4416 | D:6      | Reached skill level 5 in Throwing
  4416 | D:6      | Reached skill level 8 in Unarmed Combat
  4520 | D:6      | Found an opulent altar of Gozag.
  4646 | D:6      | Found Latocid's Distillery.
  4652 | D:6      | Bought a potion of lignification for 39 gold pieces
  4652 | D:6      | Bought a potion of invisibility for 104 gold pieces
  4652 | D:6      | Bought a potion of heal wounds for 65 gold pieces
  4652 | D:6      | Bought a potion of curing for 39 gold pieces
  5239 | D:7      | Reached skill level 5 in Fighting
  5426 | D:7      | Reached skill level 9 in Unarmed Combat
  5426 | D:7      | Reached XP level 9. HP: 88/88 MP: 8/8
  5445 | D:7      | Found a runed translucent door.
  5447 | D:7      | Noticed BaconRulez's ghost (novice DsFi)
  5450 | D:7      | Identified the +7 morningstar of Walalix {heavy, rPois rF++
                  | Will- Stlth+}
  5619 | D:7      | Found a snail-covered altar of Cheibriados.
  6207 | D:8      | Reached skill level 10 in Unarmed Combat
  6356 | D:8      | Reached ** piety under Qazlal
  6432 | D:8      | Found a runed translucent gate.
  6432 | D:8      | Found a runed translucent gate.
  6433 | D:8      | Found a runed translucent gate.
  7051 | D:8      | Noticed justen's ghost (novice TrBe)
  7124 | D:9      | Noticed a red ugly thing
  7132 | D:9      | Killed a red ugly thing
  7133 | D:9      | Reached XP level 10. HP: 72/98 MP: 9/9
  7212 | D:9      | Noticed Maurice
  7446 | D:8      | Killed Maurice
  7447 | D:8      | Reached skill level 11 in Unarmed Combat
  7627 | D:9      | Noticed Harold
  7632 | D:10     | Entered Level 10 of the Dungeon
  7980 | D:10     | Noticed an orc knight
  8297 | D:9      | Killed Harold
  8298 | D:9      | Reached skill level 12 in Unarmed Combat
  8432 | D:10     | Noticed a two-headed ogre
  8631 | D:10     | Noticed a boulder beetle
  8639 | D:10     | Killed a boulder beetle
  8990 | D:7      | Killed BaconRulez's ghost
  8991 | D:7      | Reached XP level 11. HP: 105/109 MP: 10/10
  9082 | D:8      | Reached *** piety under Qazlal
  9084 | D:8      | Killed justen's ghost
  9399 | D:10     | Reached skill level 13 in Unarmed Combat
  9770 | D:10     | Killed a two-headed ogre
  9863 | D:10     | Identified the +5 whip "Guco" {spect, rF+ rN+ Str-4}
  9887 | D:11     | Noticed a red ugly thing
  9898 | D:11     | Killed a red ugly thing
  9977 | D:11     | Reached **** piety under Qazlal
  9993 | D:11     | Reached skill level 14 in Unarmed Combat
 10180 | D:11     | Found a staircase to the Lair.
 10305 | D:11     | Noticed a two-headed ogre
 10324 | D:11     | Killed a two-headed ogre
 10325 | D:11     | Reached XP level 12. HP: 108/122 MP: 11/11
 10394 | D:11     | Noticed a two-headed ogre
 10411 | D:11     | Killed a two-headed ogre
 10913 | D:11     | Noticed a two-headed ogre
 10918 | D:11     | Noticed a centaur warrior
 10920 | D:11     | Killed a two-headed ogre
 10965 | D:12     | Reached ***** piety under Qazlal
 10973 | D:12     | Noticed a two-headed ogre
 10982 | D:12     | Killed a two-headed ogre
 11103 | D:11     | Killed a centaur warrior
 11104 | D:11     | Reached skill level 15 in Unarmed Combat
 11175 | D:11     | Noticed a yaktaur captain
 11176 | D:11     | Reached skill level 10 in Throwing
 11182 | D:11     | Killed a yaktaur captain
 11269 | D:11     | Noticed a two-headed ogre
 11285 | D:11     | Killed a two-headed ogre
 11286 | D:11     | Noticed a tengu warrior
 11496 | D:11     | Killed a tengu warrior
 11557 | D:11     | Noticed a yaktaur captain
 11561 | D:11     | Killed a yaktaur captain
 11614 | D:11     | Reached XP level 13. HP: 113/131 MP: 12/12
 11655 | D:11     | Reached skill level 16 in Unarmed Combat
 12319 | D:12     | Found a staircase to the Orcish Mines.
 13180 | D:6      | Bought 2 potions of curing for 78 gold pieces
 13180 | D:6      | Bought a potion of mutation for 104 gold pieces
 13356 | Orc:1    | Entered Level 1 of the Orcish Mines
 13419 | Orc:1    | Reached skill level 10 in Fighting
 13711 | Orc:2    | Entered Level 2 of the Orcish Mines
 14015 | Orc:2    | Reached ****** piety under Qazlal
 14140 | Orc:2    | Noticed an ettin
 14142 | Orc:2    | Found a staircase to the Elven Halls.
 14152 | Orc:2    | Killed an ettin
 14254 | Orc:2    | Paralysed by an orc sorcerer for 4 turns
 14267 | Orc:2    | Reached skill level 1 in Invocations
 14314 | Orc:2    | Reached skill level 17 in Unarmed Combat
 14846 | Orc:2    | Found Irudoits's Jewellery Emporium.
 14846 | Orc:2    | Found Nirib's Weapon Emporium.
 14847 | Orc:2    | Found Iteotawu's General Store.
 14847 | Orc:2    | Found Vyviom's Antique Armour Boutique.
 15608 | Lair:1   | Entered Level 1 of the Lair of Beasts
 16105 | Lair:1   | Reached XP level 14. HP: 144/144 MP: 15/15
 16590 | Lair:2   | Found a staircase to the Swamp.
 16719 | Lair:2   | Noticed Amaemon
 16730 | Lair:2   | Killed Amaemon
 16751 | Lair:2   | Found a gate leading to a gauntlet.
 16760 | Gauntlet | Entered a Gauntlet
 16760 | Gauntlet | Found a transporter.
 16760 | Gauntlet | Found a transporter.
 16762 | Gauntlet | Found a transporter.
 16762 | Gauntlet | Found a transporter.
 16766 | Gauntlet | Found a transporter.
 16766 | Gauntlet | Found a transporter.
 16808 | Gauntlet | Found a transporter.
 16812 | Gauntlet | Found a transporter.
 16816 | Gauntlet | Found a runed translucent door.
 16818 | Gauntlet | Found a runed translucent door.
 16820 | Gauntlet | Found a transporter.
 16837 | Gauntlet | Found a transporter.
 16852 | Gauntlet | Found a transporter.
 16856 | Gauntlet | Found a transporter.
 16982 | Gauntlet | Identified the ring "Veoluo" {rC- MP+9 AC+4 Str+2 Int+5}
 17713 | Lair:2   | Found a hole to the Spider Nest.
 18046 | Lair:3   | Reached skill level 18 in Unarmed Combat
 18349 | Lair:3   | Noticed Nessos
 18354 | Lair:3   | Killed Nessos
 19087 | Lair:4   | Reached skill level 5 in Invocations
 19222 | Lair:4   | Found a viscous altar of Jiyva.
 19223 | Lair:4   | Found a staircase to the Slime Pits.
 20070 | Orc:2    | Bought glowing ice dragon scales for 1575 gold pieces
 20294 | Lair:5   | Entered Level 5 of the Lair of Beasts
 20630 | Lair:5   | Reached XP level 15. HP: 145/154 MP: 18/18
 21010 | Lair:5   | Reached skill level 19 in Unarmed Combat
 21218 | Lair:5   | Identified the +1 robe of Instinct {rF- Regen+ rCorr Str+2}
 21300 | Lair:5   | Identified 2 scrolls of acquirement
 21302 | Lair:5   | Acquired a manual of Dodging
 22285 | D:13     | Reached skill level 5 in Dodging
 22553 | D:14     | Acquired 607 gold pieces
 23089 | D:14     | Found a gate to the Vaults.
 23526 | D:14     | Found a flickering gateway to a bazaar.
 23532 | Bazaar   | Entered a bazaar
 23546 | Bazaar   | Found Jiuta's Jewellery Shoppe.
 23546 | Bazaar   | Found Lenn's Distillery.
 23586 | Bazaar   | Found Wocwikhlufy's Antique Armour Emporium.
 23586 | Bazaar   | Found Wevier's Jewellery Emporium.
 23694 | Bazaar   | Bought the ring "Pukubihu" {Fire rElec Slay+3} for 722 gold
                  | pieces
 24003 | D:15     | Entered Level 15 of the Dungeon
 24026 | D:15     | Found a shadowy altar of Dithmenos.
 24044 | D:15     | Reached skill level 10 in Dodging
 24215 | D:15     | Found a staircase to the Depths.
 24248 | D:15     | Reached XP level 16. HP: 161/163 MP: 19/19
 25545 | Spider:1 | Entered Level 1 of the Spider Nest
 28313 | Spider:2 | Reached skill level 15 in Dodging
 28536 | Spider:2 | Identified the +1 helmet of the Bellicose God {Rampage rC+
                  | Int+2}
 29043 | Spider:3 | Noticed Agnes
 29055 | Spider:3 | Killed Agnes
 29057 | Spider:3 | Noticed Bai Suzhen
 29072 | Spider:3 | Killed Bai Suzhen
 29361 | Spider:3 | Identified the +0 kite shield "Archupaisk" {rElec rC+
                  | Int+3}
 29361 | Spider:3 | Noticed Donald
 29373 | Spider:3 | Killed Donald
 29408 | Spider:3 | Identified the +2 long sword "Meiho" {pain, Str+3 Stlth+}
 29561 | Spider:3 | Noticed Arachne
 29576 | Spider:3 | Killed Arachne
 30340 | Spider:4 | Entered Level 4 of the Spider Nest
 31882 | Spider:3 | Reached XP level 17. HP: 153/170 MP: 20/20
 33518 | Spider:4 | Found the +3 crown of Dyrovepreva {rElec Int+2 SInv}
 33540 | Spider:4 | Got a gossamer rune of Zot
 33854 | Vaults:1 | Entered Level 1 of the Vaults
 33991 | Orc:2    | Bought 6 silver boomerangs for 468 gold pieces
 34125 | D:14     | Reached skill level 1 in Evocations
 35011 | Vaults:1 | Identified the +4 ring mail of the Catamount {-Tele Dex+5
                  | SInv}
 35715 | Vaults:1 | Found Xul Oxem's Assorted Antiques.
 35806 | Vaults:1 | Found Juagropo's Antique Armour Shoppe.
 35950 | Vaults:1 | Found Nanwyreo's Weapon Shoppe.
 35958 | Vaults:1 | Found Raedeky's Armour Boutique.
 35968 | Vaults:1 | Bought 3 silver boomerangs for 342 gold pieces
 36523 | Vaults:1 | Bought a scroll of identify for 74 gold pieces
 36523 | Vaults:1 | Bought a translucent turquoise ring for 185 gold pieces
 36523 | Vaults:1 | Identified the ring of Lies {rPois rF++} (You bought it in
                  | a shop on level 1 of the Vaults)
 36763 | Vaults:1 | Reached XP level 18. HP: 165/184 MP: 21/21
 37162 | Vaults:2 | Reached skill level 20 in Unarmed Combat
 37370 | Vaults:2 | Reached skill level 5 in Evocations
 37478 | Vaults:2 | Paralysed by a great orb of eyes for 2 turns
 40902 | Vaults:3 | Found a staircase to the Crypt.
 41675 | Vaults:3 | Reached XP level 19. HP: 191/196 MP: 22/22
 42080 | Vaults:3 | Found a runed translucent door.
 42421 | Vaults:3 | Reached skill level 21 in Unarmed Combat
 42742 | Vaults:3 | Found Puzurage's Armour Shoppe.
 44638 | Vaults:4 | Identified the staff of air "Dilugha" {rElec Str-4 SInv
                  | Stlth+}
 45655 | Swamp:1  | Entered Level 1 of the Swamp
 45708 | Swamp:1  | Reached skill level 22 in Unarmed Combat
 47287 | Swamp:3  | Reached XP level 20. HP: 198/209 MP: 23/23
 47825 | Swamp:4  | Entered Level 4 of the Swamp
 48020 | Swamp:3  | Paralysed by a hornet for 3 turns
 48026 | Swamp:3  | Reached skill level 15 in Fighting
 49388 | Swamp:4  | Got a decaying rune of Zot
 49656 | Slime:1  | Entered Level 1 of the Pits of Slime
 49917 | Slime:1  | Reached skill level 23 in Unarmed Combat
 50508 | Slime:2  | Gained mutation: You are occasionally teleported next to
                  | monsters. [a shining eye]
 52273 | Slime:4  | Paralysed by a floating eye for 4 turns
 52450 | Slime:4  | Gained mutation: You are weak. (Str -2) [a shining eye]
 52451 | Slime:4  | Paralysed by a great orb of eyes for 4 turns
 52451 | Slime:4  | Gained mutation: You are frail. (-10% HP) [a shining eye]
 52451 | Slime:4  | Gained mutation: You are very weak. (Str -4) [a shining
                  | eye]
 52454 | Slime:4  | Gained mutation: You sometimes lose your temper in combat.
                  | [a shining eye]
 52458 | Slime:4  | Gained mutation: You have hidden genetic defects. [a
                  | shining eye]
 52459 | Slime:4  | Gained mutation: You have terrible hidden genetic defects.
                  | [a shining eye]
 52465 | Slime:4  | Gained mutation: You are vulnerable to cold. (rC-) [a
                  | shining eye]
 52895 | Slime:5  | Entered Level 5 of the Pits of Slime
 52973 | Slime:5  | Noticed the Royal Jelly
 52981 | Slime:4  | HP: 10/283 [acid blob/splash of acid (22)]
 52981 | Slime:4  | Demolished by a large slime creature

Illustrated notes

Levels and vault maps discovered:
D:1:      dpeg_arrival_signposts, layout_loops_ring, chequers_mini_garden,
          minmay_misc_feat_iff, hangedman_glass_teeth, minmay_pentomino_w2
D:2:      layout_basic
D:3:      layout_basic, nicolae_uskayaw_en_pointe,
          nicolae_wu_jian_immortal_techniques, chequers_avenue,
          amcnicky_mini_corridor_feature
D:4:      layout_basic, minmay_temple_entry_crystal_x, gup_sewer_entry_bowl,
          minmay_box_of_dots
D:5:      layout_loops_cross, mainiacjoe_overflow_catwalk_spiral
D:6:      layout_basic, mainiacjoe_overflow_catwalk,
          chequers_temple_overflow_statue_of_worship, serial_shops, shop,
          hangedman_decor_growths, hangedman_abyss_or_decor_lesser_grid,
          kennysheep_dice
D:7:      layout_cave_pods, kennysheep_slug_shrine, gammafunk_ghost_grave
D:8:      layout_loops_corners, gammafunk_ghost_necromancy
D:9:      layout_rooms, uniq_harold, uniq_maurice
D:10:     hangedman_cross_stitches, layout_basic, serial_curves, eino_curves_03,
          eino_curves_01
D:11:     nzn_winding_woodlands_huge [nzn_winding_woodlands_5x15_sawtooth,
          nzn_winding_woodlands_5x15_eye, nzn_winding_woodlands_5x15_jagged,
          nzn_winding_woodlands_5x15_cabin, nzn_winding_woodlands_5x15_garden,
          nzn_winding_woodlands_5x15_lazy_stream,
          nzn_winding_woodlands_5x15_zeroes,
          nzn_winding_woodlands_5x15_river_crossing,
          nzn_winding_woodlands_5x15_split_checker,
          nzn_winding_woodlands_5x15_parted,
          nzn_winding_woodlands_center_pierced_h,
          nzn_winding_woodlands_center_diamonds,
          nzn_winding_woodlands_15x15_killbox], layout_long_grid,
          grunt_lair_entry_orc_guard_hut
D:12:     minmay_goldmine, layout_gridville, hiddenorc2_lemuel, nicolae_titane
D:13:     layout_roguey, feat_on_display
D:14:     layout_loops_corners, david_vaults_4, serial_rivers,
          chequers_serial_rivers_small_3, chequers_serial_rivers_micro_d,
          chequers_serial_rivers_large_b, chequers_serial_rivers_micro_d,
          serial_shops, bzr_entry_safe, abandoned_shop,
          chequers_serial_rivers_micro_a, grunt_decor_cap, hangedman_batty
D:15:     gammafunk_depths_entry_grave, layout_loops_ring,
          nicolae_dithmenos_shadow_blocks, water_boxes_lemuel
Temple:   nicolae_temple_ecumenical_triangle
Lair:1:   layout_cave_pods, grunt_megastairs_2, infiniplex_staircase_pool_2,
          lemuel_fruit_fields
Lair:2:   layout_long_grid, skrybe_swamp_entry_bodies, spider_nest_entry_a,
          gauntlet_entry_generic, portal_ice_cave_entry_imps,
          serial_bayou_shore_b, grunt_megastairs_4, lemuel_fruit_fields,
          uniq_amaemon
Lair:3:   lemuel_reptile_caves, layout_misc_corridors, serial_rivers,
          chequers_serial_rivers_small_3, chequers_serial_rivers_large_a,
          chequers_serial_rivers_small_3, chequers_serial_rivers_room_a,
          chequers_serial_rivers_small_b, chequers_serial_rivers_micro_a,
          nicolae_quartered_pool_little, beast_lair_carwin_4, uniq_nessos
Lair:4:   layout_misc_corridors, slime_entry_1, serial_bayou_crossing
Lair:5:   minmay_lair_end_enchanted_forest, layout_loops_ring,
          serial_bayou_pond_b, lemuel_fruit_fields, grunt_megastairs_1
Swamp:1:  layout_basic_swamp, evilmike_swamp_ruin_house_6, swamp_pool2,
          infiniplex_staircase_pool
Swamp:2:  layout_falls_marsh, nicolae_swamp_stair_fork
Swamp:3:  layout_basic_swamp, nicolae_swamp_ascending_descending_big,
          nzn_swamp_dancing_lights
Swamp:4:  swamp, layout_basic_swamp
Spider:1: layout_chambers
Spider:2: layout_chambers, guppyfry_hornet_nest
Spider:3: layout_chambers, uniq_donald, uniq_bai_suzhen, uniq_agnes,
          uniq_arachne
Spider:4: grunt_spider_rune_circles
Slime:1:  layout_caves
Slime:2:  layout_caves
Slime:3:  layout_caves
Slime:4:  layout_caves, nicolae_slime_getting_an_eyeful
Slime:5
Orc:1:    layout_diamond_mine, hangedman_feature_mirror
Orc:2:    st_orc_elflike, layout_caves
Vaults:1: nicolae_vaults_weapon_check, nicolae_vaults_frosty_reception,
          nicolae_vaults_closet_pinwheel_3, vaults_room_semicircle,
          nicolae_vaults_specimen_jars, nicolae_vaults_storage_closets_2,
          nicolae_vaults_wine_cellar, nicolae_vaults_tetromino_L_1,
          layout_vaults_omnigrid, serial_shops, shop,
          nicolae_shop_tiny_real_fake_doors, shop, nicolae_shop_hallway_stairs
Vaults:2: v_misc_5, nicolae_vaults_spaceships, vaults_room_fours,
          vaults_mumra_hexcomb, v_misc_18, vaults_mumra_hex,
          nicolae_vaults_variable_pillar_hall, nicolae_vaults_little_squares_5,
          nicolae_vaults_tetromino_T_1, ontoclasm_vaults_gateway,
          nicolae_vaults_diamond_1, nicolae_vaults_murder_corner,
          layout_vaults_chaotic_city
Vaults:3: nicolae_vaults_two_Ls, v_misc_10, nicolae_vaults_tetromino_L_2,
          v_misc_17, hangedman_vaults_corner_blocks, hangedman_vaults_slice,
          minmay_crypt_entry_simple_statues, ontoclasm_vaults_idyll,
          nicolae_vaults_oozy_zoo, v_pattern_3,
          nicolae_vaults_taking_the_gang_shopping, v_alt_pattern_3,
          nicolae_vaults_mini_display_case,
          nicolae_vaults_windows_and_doors_thing, layout_vaults_omnicross
Vaults:4: nicolae_vaults_offset_grid_hallway_2, nicolae_vaults_little_ls,
          nicolae_vaults_meiosis, vaults_standard_mumra_x,
          nicolae_vaults_diagonal_hallway_6, grunt_vaults_hallway_long,
          v_misc_29, v_rooms_3, nicolae_vaults_asterisk, hangedman_vaults_nails,
          nicolae_vaults_network_periphery, layout_vaults_maze

Skill      XL: |  1  2  3  4  5  6  7  8  9 10 11 12 13 14 15 16 17 18 19 20 |
---------------+-------------------------------------------------------------+-----
Throwing       | 2 3 4 5 6 8 9 10 11 12 13 14 | 14.7
Fighting       | 2 3 4 5 6 7 8 9 10 11 12 13 14 15 | 15.5
Unarmed Combat | 4 5 6 7 9 10 12 14 15 17 18 19 20 22 23 | 23.5
Invocations    | 2 5 6 |  6.3
Dodging        | 11 16 17 | 17.1
Evocations     | 4 7 |  7.2

Action                     |  1- 3 |  4- 6 |  7- 9 | 10-12 | 13-15 | 16-18 | 19-21 || total
---------------------------+-------+-------+-------+-------+-------+-------+-------++-------
  Melee: Unarmed           |   103 |   159 |   232 |   371 |   912 |   807 |   712 ||  3296
         Punch             |     3 |     3 |    11 |    36 |    92 |   122 |   116 ||   383
   Fire: Longbow           |       |       |       |       |     9 |       |       ||     9
  Throw: Throwing net      |     3 |     1 |       |       |       |       |       ||     4
         Stone             |    14 |       |       |       |       |       |       ||    14
         Large rock        |       |     1 |       |       |     7 |    43 |    16 ||    67
         Boomerang         |       |       |    32 |    76 |   310 |   276 |    59 ||   753
         Javelin           |       |       |       |       |       |    72 |    19 ||    91
         Dart              |       |       |       |       |       |    91 |     4 ||    95
 Invoke: Upheaval          |       |       |       |       |     1 |       |       ||     1
         Elemental Force   |       |       |       |       |       |     4 |     2 ||     6
Ability: Evoke Invisibilit |       |       |       |       |       |     1 |       ||     1
  Evoke: Wand              |       |       |     8 |    19 |     3 |    16 |     3 ||    49
         Tin of tremorston |       |       |       |       |     2 |       |       ||     2
         Phantom mirror    |       |       |       |       |       |     1 |       ||     1
    Use: Scroll            |       |     4 |       |    20 |    20 |    13 |     6 ||    63
         Potion            |       |       |     2 |     5 |     5 |    18 |     4 ||    34
   Stab: Held in net/web   |     1 |       |       |     1 |       |       |       ||     2
         Invisible         |       |       |       |       |     3 |       |       ||     3
         Paralysed         |       |       |       |       |       |     4 |       ||     4
 Armour: Robe              |    31 |    39 |    97 |    60 |       |       |       ||   227
         Acid dragon scale |       |       |       |    82 |   156 |       |       ||   238
         Ice dragon scales |       |       |       |       |   267 |   372 |   211 ||   850
         Skin              |       |       |       |       |       |     2 |    39 ||    41
  Dodge: Dodged            |    55 |    66 |    81 |   135 |   290 |   416 |   315 ||  1358
         Repelled          |       |       |       |     1 |     7 |     3 |    11 ||    22
  Block: Other             |     2 |    31 |    52 |   182 |   537 |   506 |   406 ||  1716
         Reflection        |       |     5 |     1 |    13 |    26 |    29 |    38 ||   112
